 Dungeon Crawl Stone Soup version 0.18-a0-1628-g61c6396 (webtiles) character file.

102 Ladykiller69 the Conjurer (level 4, -7/24 HPs)
             Began as a Deep Elf Conjurer on Mar 25, 2016.
             Killed by divine providence
             ... invoked by an orc priest
              (14 damage)
             ... on level 3 of the Dungeon.
             The game lasted 00:10:18 (1829 turns).

Ladykiller69 the Conjurer (Deep Elf Conjurer)       Turns: 1829, Time: 00:10:18

Health: -7/24      AC:  2    Str:  5    XL:     4   Next: 50%
Magic:  0/12       EV: 13    Int: 21    God:
Gold:   60         SH:  0    Dex: 15    Spells: 2 memorised, 7 levels left

rFire  . . .     SeeInvis .     (no weapon)
rCold  . . .     Gourm    .     a - +0 robe
rNeg   . . .     Faith    .     (no shield)
rPois  .         Spirit   .     (no helmet)
rElec  .         Dismiss  .     (no cloak)
rCorr  .         Reflect  .     (no gloves)
SustAt .         Harm     .     (no boots)
MR     .....                    (no amulet)
Stlth  ++........               (no ring)
                                (no ring)

@: very slightly contaminated, not resistant to hostile enchantments, unstealthy
A: no striking features
a: no special abilities


You were on level 3 of the Dungeon.
You were not hungry.

You visited 1 branch of the dungeon, and saw 3 of its levels.

You collected 60 gold pieces.

Inventory:

Armour
 a - a +0 robe (worn)
Jewellery
 g - an uncursed ring of sustain attributes {unknown}
Scrolls
 e - 2 scrolls of identify {unknown}
 f - 2 scrolls of remove curse {unknown}
 k - a scroll of fog {unknown}
 l - a scroll of enchant armour {unknown}
 m - a scroll of recharging {unknown}
Potions
 d - a potion of lignification {unknown}
 i - a potion of degeneration {unknown}
 j - a potion of cancellation {unknown}
Books
 b - a book of Conjurations

   Spells                             Type                      Level
   a - Magic Dart                     Conjuration                  1
   b - Searing Ray                    Conjuration                  2
   c - Dazzling Spray                 Conjuration/Hexes            3
   d - Fulminant Prism                Conjuration/Hexes            4
   e - Iskenderun's Mystic Blast      Conjuration                  4
   f - Iskenderun's Battlesphere      Conjuration/Charms           5
Comestibles
 c - 3 bread rations


   Skills:
 - Level 3.0 Dodging
 + Level 3.4 Stealth
 * Level 4.4 Spellcasting
 * Level 5.2 Conjurations


You had 7 spell levels left.
You knew the following spells:

 Your Spells              Type           Power        Failure   Level  Hunger
a - Magic Dart            Conj           ####         1%          1    None
b - Dazzling Spray        Conj/Hex       ###.....     14%         3    ##.....


Dungeon Overview and Level Annotations

Branches:
Dungeon (3/15)

Altars:
Sif Muna


Message History

There is a stone staircase leading down here.
You hit the orc but do no damage. The orc completely misses you.
The orc priest calls down the wrath of Beogh upon you.
Beogh smites you!
Ouch! That really hurt!
Casting: Magic Dart
Confirm with . or Enter, or press ? or * to list all spells.
Aiming: Magic Dart
Press: ? - help, Shift-Dir - straight line, f/p - orc
Aim: an orc, wielding a hand axe and wearing a ring mail You miscast Magic Dart.
You are very lightly contaminated with residual magic.
Your skin glows momentarily.
The orc wizard casts a spell at you. The magic dart hits you!
* * * LOW HITPOINT WARNING * * *
The orc priest invokes the aid of Beogh against you.
Beogh smites you!
Ouch! That really hurt!
You die...

#.#.# #...
#.#.###...
#.......#..
#.#.#).!..#
#K..†..#
#(#.#.##
########....># .
#...o>oKo(.### #
#@########## #.#
#.# # #.# ^ #.#
#.# # #.# .#
#.############.#
#..<.........).#


You could see an orc priest, an orc wizard, an orc and a kobold.

Vanquished Creatures
  An orc priest (D:3)
  2 adders
  An ooze (D:3)
  5 dart slugs
  2 orcs (D:3)
  2 giant cockroaches (D:1)
  5 goblins
  4 hobgoblins
  3 jackals (D:3)
  3 kobolds
  7 bats
  2 giant newts
  3 rats
40 creatures vanquished.

Notes
Turn   | Place    | Note
--------------------------------------------------------------
     0 | D:1      | Ladykiller69 the Deep Elf Conjurer began the quest for the Orb.
     0 | D:1      | Reached XP level 1. HP: 10/10 MP: 6/6
   194 | D:1      | Reached XP level 2. HP: 12/15 MP: 1/8
   737 | D:2      | Reached XP level 3. HP: 13/19 MP: 2/10
   900 | D:2      | Found a deep blue altar of Sif Muna.
  1630 | D:3      | Noticed a sky beast
  1640 | D:3      | Learned a level 3 spell: Dazzling Spray
  1703 | D:3      | Reached skill level 5 in Conjurations
  1769 | D:3      | Reached XP level 4. HP: 24/24 MP: 7/12
  1829 | D:3      | Killed from afar by an orc priest

Vault maps used:
D:1:      evilmike_arrival_hilbert_curve
D:2:      first_bread, lemuel_blue_sif_altar, uniq_crazy_yiuf_cottage
D:3:      lemuel_coloured_pillars_altar, minmay_ogre_servants, uniq_robin,
          uniq_sigmund

Skill      XL: |  1  2  3 |
---------------+----------+-----
Dodging        | 3 |  3.0
Stealth        | 3 |  3.4
Spellcasting   | 4 |  4.4
Conjurations   | 5 |  5.2

Action                   |  1- 3 |  4- 6 || total
-------------------------+-------+-------++-------
Melee: Unarmed           |     1 |     3 ||     4
 Cast: Magic Dart        |    74 |     6 ||    80
       Dazzling Spray    |       |     3 ||     3
 Stab: Invisible         |       |     1 ||     1
  Eat: Chunk             |     2 |     1 ||     3
